 Dungeon Crawl Stone Soup version 0.26-a0-712-ga5a9c9c9d0 (webtiles) character file.

Game seed: 12212570705721125635

1424 runemasterragnar the Slasher (level 8, -1/81 HPs)
             Began as an Octopode Fighter on Nov 2, 2020.
             Was an Initiate of Gozag.
             Killed from afar by Maggie (22 damage)
             ... with a bolt of fire
             ... on level 6 of the Dungeon.
             The game lasted 00:06:55 (7507 turns).

runemasterragnar the Slasher (Octopode Fighter)     Turns: 7507, Time: 00:06:57

Health: -1/81      AC:  1    Str: 15    XL:     8   Next: 72%
Magic:  8/8        EV: 13    Int: 13    God:    Gozag
Gold:   579        SH: 14    Dex: 11    Spells: 7/7 levels left

rFire    . . .     SeeInvis .   a - +0 long sword
rCold    + . .     Faith    .   b - +0 kite shield
rNeg     . . .     Spirit   .   (helmet restricted)
rPois    .         Reflect  +   n - amulet of reflection
rElec    .         Harm     .   e - ring of protection from cold
rCorr    .         Rampage  .   (no ring)
MR       .....                  (no ring)
Stlth    ..........             (no ring)
HPRegen  0.23/turn              (no ring)
MPRegen  0.11/turn              (no ring)
                                (no ring)
                                (no ring)

@: berserking, very quick
A: almost no armour, stealthy swim, amphibious, 8 rings, constrict 8, camouflage
1, gelatinous body 1
a: Potion Petition, Call Merchant, Bribe Branch, Renounce Religion


You were on level 6 of the Dungeon.
You worshipped Gozag.
Gozag was pleased with you.
You visited 2 branches of the dungeon, and saw 7 of its levels.
You also visited: Sewer.

You collected 657 gold pieces.
You paid 78 gold pieces to Gozag.

Inventory:

Hand Weapons
 a - a +0 long sword (weapon)
 k - a +2 vampiric dagger
 t - a +2 dagger of freezing
Missiles
 p - 14 poisoned darts (quivered)
Armour
 b - a +0 kite shield (worn)
Jewellery
 e - a ring of protection from cold (left tentacle)
 n - an amulet of reflection (around mantle)
Scrolls
 d - 2 scrolls of noise {unknown}
 f - 2 scrolls of remove curse
 h - 4 scrolls of fog
 l - 6 scrolls of teleportation
 o - 2 scrolls of blinking {unknown}
 q - a scroll of fear
 s - 2 scrolls of magic mapping {unknown}
 v - a scroll of immolation {unknown}
 w - a scroll of random uselessness {unknown}
 y - 5 scrolls of amnesia {unknown}
Potions
 c - 3 potions of might
 i - 2 potions of degeneration
 j - 3 potions of curing
 m - 2 potions of heal wounds
 r - a potion of magic {unknown}
 u - a potion of cancellation {unknown}
 x - a potion of lignification {unknown}
 z - a potion of flight
 A - a potion of stabbing {unknown}


   Skills:
 + Level 4.7 Fighting
 * Level 5.5 Long Blades
 + Level 3.3 Throwing
 + Level 4.7 Dodging
 + Level 4.8 Stealth
 + Level 4.7 Shields
 + Level 3.4 Unarmed Combat


You had 7 spell levels left.
You didn't know any spells.
Your spell library contained the following spells:

 Spells                   Type           Power        Failure   Level
 Confusing Touch          Hex            #.......     98%         3
 Gell's Gravitas          Tloc           #.........   98%         3
 Petrify                  Tmut/Erth      #.......     100%        4
 Metabolic Englaciation   Hex/Ice        #.........   100%        5
 Yara's Violent Unravell  Hex/Tmut       #.........   100%        5


Dungeon Overview and Level Annotations

Branches:
Dungeon (6/15)             Temple (1/1) D:4           Sewer (visited)

Altars:
Ashenzari
Cheibriados
Dithmenos
Elyvilon
Fedhas
Gozag
Hepliaklqana
Kikubaaqudgha
Okawaru
Qazlal
Trog
Uskayaw
Vehumet
Wu Jian
Yredelemnul
The Shining One

Shops:
D:4 }

Annotations:
D:4 2 transporters, Grinder; LufLufFighter's ghost, amateur DsTm
D:6 Maggie


Innate Abilities, Weirdness & Mutations

You cannot wear most types of armour.
You are very stealthy in the water. (Stealth+)
You are amphibious.
You can wear up to eight rings at the same time.
You can use your tentacles to constrict eight enemies at once.
Your skin changes colour to match your surroundings (Stealth+).
Your rubbery body absorbs attacks. (AC +1, EV +1)


Message History

Maggie hits you with a +1 scimitar of flaming!
* * * LOW HITPOINT WARNING * * *
Maggie burns you.
* * * LOW HITPOINT WARNING * * *
A red film seems to cover your vision as you go berserk!
You feel yourself moving faster!
You feel mighty!
You constrict Maggie.
Maggie drinks a potion.
Maggie is healed!
You slash Maggie! You squeeze Maggie.
Maggie is lightly wounded.
You constrict Maggie, but do no damage. You slash Maggie!
Maggie is moderately wounded.
You constrict Maggie. You block Maggie's attack.
You slash Maggie! You squeeze Maggie.
Maggie is severely wounded.
You constrict Maggie. Maggie gestures at you while chanting.
The bolt of fire hits you!!
You die...
Your body crumbles into a pile of gold.

$ # . #.
### .. #.
#<# #.#..
#$#
.#....###@#
.<.....:#@#
#..>.S...#
#.#..$.###
#5#### .@
... ##


You could see Maggie.

Vanquished Creatures
  A water moccasin (D:5)
  An ice beast (D:5)
  2 ogres
  4 big kobolds (Sewer)
  2 scorpions
  A bullfrog zombie (D:5)
  3 hounds
  An orc priest (D:3)
  3 jellies (D:5)
  5 orc wizards
  An iguana (D:4)
  A worker ant (D:5)
  Robin (D:4)
  5 gnolls
  4 adders
  A shadow imp (D:5)
  A white imp (D:6)
  2 oozes (D:2)
  2 adder skeletons (D:4)
  4 worms
  A dart slug (D:1)
  2 leopard geckos (D:3)
  19 orcs
  7 ball pythons
  6 bats
  9 giant cockroaches
  14 goblins
  14 hobgoblins
  11 jackals
  3 quokkas
  7 frilled lizards
  A giant cockroach zombie (D:5)
  10 kobolds
  8 rats
157 creatures vanquished.

Vanquished Creatures (others)
  An ufetubus (D:6)
  An orc (D:6)
  A plant (D:1)
3 creatures vanquished.

Grand Total: 160 creatures vanquished

Notes
Turn   | Place    | Note
-------+----------+-------------------------------------------
     0 | D:1      | runemasterragnar the Octopode Fighter began the quest for
                  | the Orb.
     0 | D:1      | Reached XP level 1. HP: 16/16 MP: 1/1
   172 | D:1      | Reached XP level 2. HP: 9/21 MP: 2/2
   535 | D:1      | Reached skill level 1 in Stealth
   763 | D:1      | Reached XP level 3. HP: 9/26 MP: 3/3
  2046 | D:2      | Reached skill level 1 in Unarmed Combat
  2047 | D:2      | Reached skill level 1 in Throwing
  2051 | D:2      | Reached XP level 4. HP: 29/31 MP: 4/4
  2651 | D:3      | Reached skill level 3 in Long Blades
  2818 | D:3      | Found a glowing drain.
  2835 | Sewer    | Entered a sewer
  2966 | Sewer    | Noticed a big kobold
  2974 | Sewer    | Killed a big kobold
  2974 | Sewer    | Reached XP level 5. HP: 31/36 MP: 5/5
  3132 | Sewer    | Noticed a big kobold
  3133 | Sewer    | Noticed a big kobold
  3139 | Sewer    | Killed a big kobold
  3139 | Sewer    | Reached XP level 6. HP: 31/43 MP: 6/6
  3624 | D:3      | Reached skill level 4 in Long Blades
  4095 | D:3      | Reached XP level 7. HP: 47/47 MP: 7/7
  4148 | D:4      | Found Panlenif's Gadget Boutique.
  4716 | D:4      | Found a staircase to the Ecumenical Temple.
  4725 | Temple   | Entered the Ecumenical Temple
  4867 | Temple   | Became a worshipper of Gozag Ym Sagoz the Greedy
  5369 | D:4      | Found a transporter.
  5372 | D:4      | Noticed Grinder
  5372 | D:4      | Noticed LufLufFighter's ghost (amateur DsTm)
  5373 | D:4      | Paralysed by Grinder for 3 turns
  5394 | D:5      | Entered Level 5 of the Dungeon
  5926 | D:5      | Reached XP level 8. HP: 53/54 MP: 8/8
  6143 | D:4      | Noticed Robin
  6166 | D:4      | Reached skill level 5 in Long Blades
  6175 | D:4      | Killed Robin
  6332 | D:4      | Found a transporter.
  6443 | D:4      | Found a radiant altar of Vehumet.
  7006 | D:5      | Found an ornate altar of the Wu Jian Council.
  7086 | D:5      | Found a bloodstained altar of Trog.
  7087 | D:5      | Found an iron altar of Okawaru.
  7478 | D:6      | Noticed Maggie
  7507 | D:6      | Killed from afar by Maggie

Illustrated notes

Levels and vault maps discovered:
D:1:      dpeg_arrival_three_same_balls, layout_rooms, serial_forest,
          infiniplex_forest_3_way, infiniplex_forest_lined_2
D:2:      layout_basic
D:3:      layout_basic, cheibrodos_sewer_entry_drain
D:4:      layout_rooms, overflow_temple_1_default,
          minmay_temple_entry_junction_2, serial_shops, nicolae_shop_stone,
          gammafunk_ghost_stat_death, uniq_grinder, uniq_robin
D:5:      layout_layer_cave, grunt_temple_overflow_bloody_war,
          lemuel_doored_altar
D:6:      layout_basic, xom_teletrap_fun, lemuel_coloured_pillars_altar,
          basic_altar, minmay_manual_moon, uniq_maggie
Temple:   regret_index_temple_generic_petals

Skill      XL: |  1  2  3  4  5  6  7  8 |
---------------+-------------------------+-----
Stealth        | 1 2 3 4 |  4.8
Unarmed Combat | 1 2 3 |  3.4
Throwing       | 1 2 3 |  3.3
Long Blades    | 3 4 5 |  5.5
Fighting       | 4 |  4.7
Dodging        | 4 |  4.7
Shields        | 4 |  4.7

Action                   |  1- 3 |  4- 6 |  7- 9 || total
-------------------------+-------+-------+-------++-------
Melee: Long sword        |    67 |   104 |   166 ||   337
       Constrict         |    25 |    31 |    48 ||   104
       Tentacles         |     6 |    19 |    52 ||    77
       Punch             |       |       |     8 ||     8
       Unarmed           |       |       |     1 ||     1
Throw: Dart              |       |       |     1 ||     1
  Use: Scroll            |     5 |     2 |     4 ||    11
       Potion            |       |       |     3 ||     3
 Stab: Sleeping          |     2 |     6 |     8 ||    16
       Distracted        |       |     1 |     4 ||     5
Armor: Skin              |    11 |     6 |     6 ||    23
Dodge: Dodged            |    46 |    35 |    67 ||   148
Block: Kite shield       |    39 |    71 |   103 ||   213
       Reflection        |       |     3 |       ||     3
       Rpst.: Long sword |    10 |     4 |    25 ||    39

Table legend: (Time is in decaauts)
 A = Elapsed time spent in this place.
 B = Non-inter-level travel time spent in this place.
 C = Inter-level travel time spent in this place.
 D = Time resting spent in this place.
 E = Time spent auto-exploring this place.
 F = Levels seen in this place.
 G = Mean time per level.
                   A        B        C        D        E       F      G
               +--------+--------+--------+--------+--------+-----+--------+
         Total |   7606 |   7427 |    179 |   2121 |   4229 |   8 |  950.8 |
       Dungeon |   6663 |   6545 |    118 |   1858 |   3789 |   6 | 1110.5 |
        Temple |    180 |    119 |     61 |      0 |    118 |   1 |  180.0 |
         Sewer |    762 |    762 |      0 |    263 |    322 |   1 |  762.0 |
               +--------+--------+--------+--------+--------+-----+--------+

Top non-repeatable levels by time:
     D:5: 1706 daAuts
     D:1: 1411 daAuts
     D:4: 1240 daAuts
     D:2: 1200 daAuts
     D:3: 1070 daAuts
   Sewer: 762 daAuts
  Temple: 180 daAuts
     D:6: 34 daAuts
